Map: [TLMC19] Anomaly Found

Players

Krystianer - Winner!

  • Race: Protoss Protoss
  • Spawn Location: 11:00

HonMonO

  • Race: Terran Terran
  • League: Master
  • Spawn Location: 5:00

VOD

Have the link to the VOD?

Description

Time

  • Played on: Dec. 19, 2023, 7:03 a.m.
  • Length: 10:30
Show
View Real Time Build Order
Export as new Build Order

Krystianer Protoss - Winner!

Build Orders: 1 Gate Expand, Colossus Rush 

Get SALT Encoding   

  12  0:00  Probe  
  13  0:12  Probe  
  14  0:17  Pylon  
  14  0:24  Probe (Chrono Boost)  
  16  0:36  Gateway  
  16  0:37  Probe (Chrono Boost)  
  16  0:42  Probe (Chrono Boost)  
  16  0:45  Assimilator  
  17  0:51  Probe  
  18  1:03  Probe  
  19  1:15  Probe  
  20  1:22  Nexus  
  20  1:31  Cybernetics Core  
  20  1:35  Probe  
  21  1:41  Assimilator  
  21  1:48  Probe  
  21  1:51  Pylon  
  22  2:00  Probe  
  22  2:07  Adept (Chrono Boost)  
  22  2:09  Robotics Facility  
  22  2:14  Probe  
  25  2:17  Warp Gate  
  25  2:26  Shield Battery  
  25  2:29  Adept (Chrono Boost)  
  27  2:38  Probe  
  27  2:39  Pylon  
  27  2:41  Pylon  
  28  2:50  Adept  
  26  3:02  Immortal (Chrono Boost)  
  30  3:08  Probe  
  30  3:20  Probe  
  31  3:32  Warp Prism  
  31  3:33  Probe  
  34  3:59  Nexus  
  34  4:03  Probe  
  35  4:10  Pylon  
  35  4:13  Sentry  
  35  4:15  Probe  
  38  4:27  Probe (Chrono Boost)  
  39  4:36  Gateway  
  39  4:37  Probe (Chrono Boost)  
  40  4:39  Sentry  
  40  4:42  Probe (Chrono Boost)  
  43  4:54  Probe  
  38  5:04  Shield Battery  
  38  5:06  Gateway, Probe  
  39  5:12  Robotics Bay  
  39  5:13  Probe  
  40  5:17  Sentry  
  40  5:18  Probe  
  43  5:25  Probe  
  44  5:30  Probe  
  45  5:38  Probe  
  46  5:42  Probe  
  46  5:47  Stalker  
  49  5:50  Probe  
  49  5:55  Probe  
  51  5:57  Colossus (Chrono Boost)  
  51  6:02  Probe  
  51  6:03  Pylon  
  58  6:07  Probe  
  59  6:14  Probe  
  60  6:19  Probe  
  59  6:26  Probe  
  59  6:31  Probe  
  61  6:34  Colossus (Chrono Boost)  
  61  6:37  Nexus  
  61  6:38  Probe, Pylon  
  68  6:42  Zealot, Twilight Council  
  70  6:51  Forge  
  70  6:54  Pylon  
  70  6:56  Probe x2  
  70  6:57  Shield Battery  
  70  7:00  Extended Thermal Lance  
  73  7:08  Probe  
  73  7:11  Probe  
  74  7:16  Zealot x3  
  74  7:18  Charge  
  74  7:20  Probe  
  74  7:21  Observer (Chrono Boost)  
  82  7:23  Protoss Ground Weapons Level 1 (Chrono Boost)  
  82  7:25  Probe  
  83  7:32  Probe  
  83  7:36  Pylon  
  84  7:37  Probe  
  85  7:44  Probe  
  85  7:46  Gateway  
  85  7:48  Gateway  
  85  7:49  Probe x2  
  85  7:50  Assimilator  
  88  7:52  Gateway  
  88  8:02  Assimilator  
  88  8:03  Colossus (Chrono Boost)  
  88  8:10  Photon Cannon  
  88  8:12  Zealot x3  
  100  8:14  Probe  
  100  8:17  Probe  
  102  8:20  Pylon  
  102  8:28  Gateway x2  
  102  8:33  Probe  
  103  8:44  Zealot x3  
  103  8:46  Pylon  
  103  8:47  Colossus (Chrono Boost)  
  115  8:50  Pylon  
  115  8:55  Zealot  
  116  9:08  Zealot x5  
  126  9:29  Nexus  
  125  9:37  Observer  
  108  9:43  Zealot x8  
  112  9:46  Probe x2  
  112  9:51  Probe  
  115  9:58  Probe  
  122  10:04  Zealot x7  
  122  10:07  Zealot  
  122  10:13  Probe  
  117  10:15  Probe  
Show
View Real Time Build Order
Export as new Build Order

HonMonO Terran 

Build Orders:  

Get SALT Encoding   

  12  0:00  SCV  
  13  0:12  SCV  
  14  0:17  Supply Depot  
  14  0:24  SCV  
  15  0:39  Barracks  
  15  0:50  Barracks  
  15  0:54  Refinery  
  15  0:56  SCV  
  16  1:08  SCV  
  17  1:21  SCV  
  18  1:26  Marine  
  18  1:28  Supply Depot  
  19  1:33  Orbital Command  
  19  1:37  Barracks Tech Lab  
  19  1:44  Marine  
  20  1:56  Concussive Shells, Marauder  
  20  2:00  SCV  
  23  2:01  Marine  
  24  2:12  SCV  
  25  2:17  Marauder  
  25  2:19  Marine  
  28  2:23  Supply Depot  
  28  2:26  SCV  
  29  2:38  Marauder  
  31  2:44  Marine, Bunker  
  31  2:54  SCV  
  28  3:06  SCV  
  28  3:08  Factory  
  28  3:18  SCV  
  29  3:28  Command Center  
  29  3:33  Bunker  
  29  3:38  Barracks Tech Lab, SCV  
  30  3:50  SCV  
  31  3:57  Refinery  
  31  4:02  SCV  
  32  4:03  Siege Tank  
  32  4:05  Marine  
  36  4:13  Supply Depot  
  36  4:14  SCV  
  37  4:22  Marine  
  38  4:26  SCV  
  39  4:35  Siege Tank  
  42  4:39  SCV  
  42  4:40  Orbital Command  
  42  4:42  Marine  
  44  4:51  Orbital Command  
  44  4:52  Starport  
  44  5:01  Marine  
  45  5:18  Marine  
  45  5:20  Barracks Tech Lab  
  46  5:22  SCV  
  47  5:29  Viking  
  47  5:34  Orbital Command  
  49  5:35  Marine  
  49  5:38  Siege Tank  
  49  5:40  SCV  
  49  5:42  Marine  
  52  5:46  Stimpack  
  53  5:52  SCV  
  53  5:54  Marine  
  55  6:00  SCV, Marine  
  57  6:04  SCV  
  57  6:07  Starport Tech Lab  
  58  6:20  SCV  
  58  6:24  SCV  
  57  6:28  Raven, Interference Matrix  
  57  6:32  SCV  
  62  6:34  Barracks  
  62  6:38  Refinery  
  62  6:42  Supply Depot  
  62  6:43  Refinery  
  62  6:46  SCV x2  
  62  6:50  Engineering Bay  
  62  7:03  Siege Tank, SCV x2  
  62  7:04  Command Center  
  67  7:15  SCV x2  
  67  7:17  Barracks  
  67  7:20  Barracks  
  69  7:23  Supply Depot  
  69  7:28  SCV  
  70  7:31  Barracks Reactor  
  70  7:33  SCV  
  70  7:37  Starport Reactor  
  70  7:40  SCV  
  70  7:42  Combat Shield  
  72  7:44  Marauder  
  72  7:45  Terran Infantry Weapons Level 1, SCV  
  72  7:49  Missile Turret  
  73  7:52  SCV  
  73  7:58  SCV  
  75  7:59  Siege Tank  
  75  8:04  SCV  
  79  8:06  Barracks Tech Lab  
  79  8:08  Marine x2, Ghost Academy  
  79  8:11  SCV  
  82  8:15  Barracks Tech Lab  
  82  8:17  SCV  
  82  8:18  Bunker  
  83  8:20  Marauder  
  83  8:26  SCV  
  86  8:27  Orbital Command  
  86  8:31  Marine x2  
  86  8:33  Marauder  
  90  8:40  Medivac x2  
  94  8:42  SCV  
  94  8:43  SCV, Factory Reactor  
  96  8:49  Ghost  
  96  8:54  SCV  
  99  8:55  SCV  
  99  8:58  Orbital Command  
  100  9:06  SCV  
  101  9:12  Supply Depot, Armory  
  101  9:14  Missile Turret  
  101  9:20  Bunker  
  101  9:22  Missile Turret  
  101  9:33  Marine  
  101  9:34  SCV x3, Marauder  
  101  9:36  Marine  
  100  9:40  Marine  
  100  9:44  Viking x2  
  96  9:46  SCV x2  
  96  9:49  Marauder  
  96  9:50  Marauder  
  96  9:51  Marine  
  104  9:58  SCV  
  104  9:59  Marine  
  98  10:00  Marine  
  98  10:02  Marine  
  98  10:03  SCV  
  96  10:09  Marine  
  96  10:10  SCV, Marine  
  73  10:15  SCV  
Tags
 
Add a new tag
Caveats
  • Supply blocks, unpowered buildings, or Contaminate may cause inaccurate times.
  • Supply counts are checked every 10 seconds.